[Event "Titled Tuesday Blitz June 28 Early 2022"]
[White "Thorhallsson, Simon"]
[Black "Balint, Vilmos"]
[WhiteFideId "2310090"]
[BlackFideId "718050"]
[WhiteElo "2137"]
[BlackElo "2059"]
[Result "1-0"]
[Round "03"]
[TimeControl "180+1"]
[Date "2022.06.28"]
[WhiteClock "0:01:52"]
[BlackClock "0:02:00"]

1. e4 e6 2. d4 d5 3. Nd2 Nf6 4. e5 Nfd7 5. c3 c5 6. Bd3 Nc6 7. Ne2 a6 8. f4 b5 9. Nf3 Qb6 10. O-O b4 11. Kh1 Bb7 12. f5 Be7 13. fxe6 fxe6 14. Ng5 Bxg5 15. Bxg5 Ncxe5 16. dxe5 Nxe5 17. Bc2 Nf7 18. Bh4 a5 19. Nf4 O-O 20. Qd3 g6 21. Nxg6 1-0


[Site "https://www.chess.com"]

[Event "Titled Tuesday Blitz June 28 Early 2022"]
[White "Tifferet, Shaked"]
[Black "Sargissyan, Sargis"]
[WhiteFideId "2811529"]
[BlackFideId "13303210"]
[WhiteElo "2083"]
[BlackElo "2174"]
[Result "1/2-1/2"]
[Round "03"]
[TimeControl "180+1"]
[Date "2022.06.28"]
[WhiteClock "0:00:09"]
[BlackClock "0:00:12"]

1. e4 c5 2. Nf3 d6 3. Bc4 Nc6 4. O-O Nf6 5. Re1 e6 6. c3 Nxe4 7. d4 d5 8. Bd3 Nf6 9. dxc5 Bxc5 10. b4 Bb6 11. b5 Ne7 12. Bg5 Ng6 13. h4 h6 14. h5 hxg5 15. hxg6 Ng4 16. gxf7+ Kxf7 17. Ne5+ Nxe5 18. Rxe5 Bxf2+ 19. Kxf2 Qf6+ 20. Qf3 g4 21. Qxf6+ gxf6 22. Re1 e5 23. Nd2 e4 24. Bc2 Be6 25. Bb3 Rac8 26. Rac1 f5 27. Ke3 Rh2 28. Rg1 Kf6 29. c4 Ke5 30. cxd5 f4+ 31. Ke2 Rxc1 32. Rxc1 f3+ 33. Ke3 Rxg2 34. Re1 Bxd5 35. Bxd5 Kxd5 36. Nxe4 Kc4 37. Nd6+ Kc5 38. Nxb7+ Kxb5 39. Nd6+ Kc6 40. Ne4 Rxa2 41. Kf4 Re2 42. Rc1+ Kd7 43. Nf6+ Ke6 44. Nxg4 f2 45. Rf1 a5 46. Nxf2 a4 47. Ne4 a3 48. Ra1 Rc2 49. Rxa3 Rc4 50. Rg3 Ra4 51. Rg5 Ke7 52. Re5+ Kf7 53. Kf5 Ra1 54. Nd6+ Kf8 55. Kf6 Rf1+ 56. Nf5 Kg8 57. Re8+ Kh7 58. Rf8 Rf2 59. Rf7+ Kh8 60. Re7 Rf1 61. Re4 Rf2 62. Rg4 Rf1 63. Kg6 Rh1 64. Nh6 Rxh6+ 65. Kg5 Ra6 66. Kh5 Kh7 67. Rh4 Kh8 68. Kg5+ Kg8 69. Rg4 Kh8 70. Kf5 Kh7 71. Rf4 Ra5+ 72. Ke6 Rb5 73. Kf7 Rb7+ 74. Kf6 Rb6+ 75. Ke7 Rb5 76. Ke6 Rb6+ 77. Ke5 Ra6 78. Rf1 Ra5+ 79. Kf6 Ra6+ 80. Kf7 Ra7+ 81. Kf8 Ra8+ 82. Ke7 Ra7+ 83. Ke6 Ra6+ 84. Kf5 Ra5+ 85. Kg4 Ra4+ 86. Rf4 Rxf4+ 87. Kxf4 1/2-1/2


[Site "https://www.chess.com"]

[Event "Titled Tuesday Blitz June 28 Early 2022"]
[White "Timofeev, Artyom"]
[Black "Lamaze, Simon"]
[WhiteFideId "4140419"]
[BlackFideId "36069264"]
[WhiteElo "2578"]
[BlackElo "2090"]
[Result "1-0"]
[Round "03"]
[TimeControl "180+1"]
[Date "2022.06.28"]
[WhiteClock "0:01:15"]
[BlackClock "0:02:00"]

1. e4 c5 2. Nc3 Nc6 3. Bb5 Nd4 4. Nf3 a6 5. Bd3 g6 6. Nxd4 cxd4 7. Ne2 d5 8. O-O Bg7 9. c3 dxc3 10. dxc3 dxe4 11. Bxe4 Qxd1 12. Rxd1 Nf6 13. Bf3 O-O 14. h3 e5 15. Ng3 Re8 16. Be3 e4 17. Nxe4 Nxe4 18. Bxe4 Bf6 19. Bf3 Kg7 20. Re1 Bd7 21. Rad1 Be6 22. Bd4 Bxd4 23. Rxd4 Bxa2 24. Rxe8 Rxe8 25. Bxb7 Re1+ 26. Kh2 Re2 27. b4 Rc2 28. Bxa6 Rxc3 29. Bd3 Rb3 30. b5 Rb2 31. Rd6 Rxf2 32. b6 Rb2 33. Be4 Bb1 34. Bf3 Kf8 35. b7 Ke7 36. Ra6 f5 37. Ra8 1-0


[Site "https://www.chess.com"]

[Event "Titled Tuesday Blitz June 28 Early 2022"]
[White "Torres Cueto, Jesus Marcial"]
[Black "Sadubayev, Airat"]
[WhiteFideId "4415280"]
[BlackFideId "13713264"]
[WhiteElo "2055"]
[BlackElo "2230"]
[Result "1-0"]
[Round "03"]
[TimeControl "180+1"]
[Date "2022.06.28"]
[WhiteClock "0:01:01"]
[BlackClock "0:00:01"]

1. d4 d5 2. c4 c6 3. Nc3 Nf6 4. Nf3 e6 5. Bf4 Nbd7 6. h3 Be7 7. e3 O-O 8. Bd3 dxc4 9. Bxc4 Nb6 10. Bd3 Nbd5 11. Bg3 Bb4 12. Rc1 Qa5 13. Qb3 Bd7 14. O-O c5 15. a3 Bxc3 16. bxc3 b6 17. e4 Ba4 18. Qb2 Ne7 19. Bd6 Rfe8 20. Bf4 Ng6 21. Bd2 Rac8 22. e5 Nd7 23. c4 Qa6 24. d5 exd5 25. Bxg6 hxg6 26. cxd5 Qd3 27. e6 fxe6 28. dxe6 Rxe6 29. Bc3 Qf5 30. Bxg7 Rce8 31. Bh6 Re2 32. Qg7# 1-0


[Site "https://www.chess.com"]

[Event "Titled Tuesday Blitz June 28 Early 2022"]
[White "Tymrakiewicz, Rafal"]
[Black "Libiszewski, Fabien"]
[WhiteFideId "1108832"]
[BlackFideId "616834"]
[WhiteElo "2205"]
[BlackElo "2440"]
[Result "0-1"]
[Round "03"]
[TimeControl "180+1"]
[Date "2022.06.28"]
[WhiteClock "0:00:02"]
[BlackClock "0:00:21"]

1. d4 Nf6 2. Bg5 c5 3. e3 e6 4. Nd2 Be7 5. Bd3 b6 6. Ngf3 Bb7 7. O-O h6 8. Bh4 O-O 9. Qe2 d6 10. c3 Nc6 11. Rad1 Rc8 12. h3 Qc7 13. Bg3 Rfd8 14. Rfe1 Qb8 15. dxc5 bxc5 16. e4 Nd7 17. Nc4 Nde5 18. Nfxe5 Nxe5 19. Nxe5 dxe5 20. Bc4 Bc6 21. b3 Bf6 22. f3 Qb6 23. Bf2 a5 24. a4 Be7 25. Rxd8+ Rxd8 26. Rd1 Rb8 27. h4 h5 28. g3 g6 29. Be3 Kg7 30. Qd2 Rd8 31. Qe2 Rb8 32. Qd2 Rd8 33. Qe2 f5 34. Rxd8 Qxd8 35. Bxe6 fxe4 36. fxe4 Bxe4 37. Bf2 Qa8 38. Bc4 Bd6 39. Qd2 Qc6 40. Qe3 Bh1 41. Bf1 Bf3 42. Qd3 e4 43. Qb5 Qc7 44. Qc4 Bxg3 45. Qe6 Bh2# 0-1


[Site "https://www.chess.com"]

[Event "Titled Tuesday Blitz June 28 Early 2022"]
[White "Vidonyak, Roman"]
[Black "Maiorov, Nikita"]
[WhiteFideId "14100622"]
[BlackFideId "13501720"]
[WhiteElo "2336"]
[BlackElo "2417"]
[Result "1/2-1/2"]
[Round "03"]
[TimeControl "180+1"]
[Date "2022.06.28"]
[WhiteClock "0:00:07"]
[BlackClock "0:00:06"]

1. d4 Nf6 2. c4 e6 3. Nc3 d5 4. cxd5 exd5 5. Bg5 c6 6. e3 Be7 7. Bd3 Nbd7 8. Nge2 Nf8 9. Qc2 Ne6 10. Bh4 g6 11. O-O O-O 12. f3 b6 13. Nf4 Ng7 14. Rae1 Nf5 15. Bf2 Bd6 16. g4 Nxd4 17. exd4 Bxf4 18. Ne2 Bd6 19. Qxc6 Rb8 20. Qc2 Bxg4 21. fxg4 Nxg4 22. Bg3 Ne3 23. Qd2 Nxf1 24. Rxf1 Bxg3 25. Nxg3 Qh4 26. Qf2 Rbe8 27. Bb5 Re6 28. Bd7 Re7 29. Bc6 Rd8 30. Kh1 Rd6 31. Bb5 f5 32. Bd3 Kh8 33. Rc1 Rd8 34. Rf1 Rde8 35. Bb5 Rc8 36. Ba6 Rcc7 37. Bd3 Re6 38. a3 Rec6 39. Qe3 Qe7 40. Qd2 Re6 41. Qf2 Re3 42. Bb1 Re6 43. Qf4 Qd6 44. Qf2 Rf7 45. Ba2 f4 46. Ne2 Qe7 47. Nc3 Re3 48. Nxd5 Qe4+ 49. Qg2 f3 50. Qf2 Re2 51. Qg3 Rg2 52. Qb8+ Kg7 53. Qe5+ Qxe5 54. dxe5 Rxb2 55. Bc4 Rc2 56. e6 Rf8 57. e7 Re8 58. Bb5 Kf7 59. Bxe8+ Kxe8 60. Nf4 f2 61. Kg2 Kxe7 62. Rxf2 Rc4 63. Re2+ Kf7 64. Nd3 Rc3 65. Ne5+ Kg7 66. Ng4 Rxa3 67. Re7+ Kf8 68. Rxh7 a5 69. Ra7 a4 70. Ne5 g5 71. Ng6+ Ke8 72. Ne5 b5 73. Nc6 Ra2+ 74. Kg3 a3 75. Nb4 Ra1 76. Ra5 Rb1 77. Rxb5 a2 78. Ra5 Rb3+ 79. Kg4 Rxb4+ 80. Kxg5 Rb2 81. h4 Rg2+ 82. Kh5 Kf8 83. Kh6 Ke8 84. h5 Kd7 85. Kh7 Kc7 86. h6 Kb6 87. Ra8 Kb7 88. Ra3 Kb6 89. Kh8 Kb7 90. h7 Kb6 91. Ra8 Kb7 92. Ra3 Kb6 93. Ra8 Kb7 94. Ra3 1/2-1/2


[Site "https://www.chess.com"]

[Event "Titled Tuesday Blitz June 28 Early 2022"]
[White "Vlassov, Nikolai"]
[Black "Gatterer, Florian"]
[WhiteFideId "4103360"]
[BlackFideId "811688"]
[WhiteElo "2407"]
[BlackElo "2218"]
[Result "1-0"]
[Round "03"]
[TimeControl "180+1"]
[Date "2022.06.28"]
[WhiteClock "0:01:04"]
[BlackClock "0:00:19"]

1. e4 c5 2. c3 e5 3. Nf3 Nc6 4. Bc4 Nf6 5. Ng5 d5 6. exd5 Nxd5 7. d4 cxd4 8. Qf3 Be6 9. Nxe6 fxe6 10. O-O Qf6 11. Bxd5 exd5 12. Qxd5 Rd8 13. Qb5 Bd6 14. Qxb7 Bb8 15. Bg5 Qxg5 16. Qxc6+ Rd7 17. Qe6+ Qe7 18. Qxe7+ Kxe7 19. cxd4 exd4 20. Nd2 Rc8 21. Rac1 Rxc1 22. Rxc1 Bf4 23. Re1+ Kf7 24. Nc4 d3 25. g3 d2 26. Rd1 Rd4 27. gxf4 Rxc4 28. Rxd2 Ke6 29. f5+ Ke7 30. Kg2 Rc5 31. Re2+ Kf7 32. Re6 a5 33. Rb6 Rxf5 34. a4 Rc5 35. Kf3 Rc4 36. b3 Rc3+ 37. Ke4 Rc2 38. Ke3 Rc3+ 39. Kd4 Rf3 40. Rb5 h6 41. h4 Rxf2 42. h5 Rf4+ 43. Kc5 Rf5+ 44. Kb6 Rxb5+ 45. axb5 g5 46. hxg6+ Kxg6 47. Kxa5 h5 48. b6 h4 49. b7 h3 50. b8=Q h2 51. Qxh2 1-0


[Site "https://www.chess.com"]

[Event "Titled Tuesday Blitz June 28 Early 2022"]
[White "Vokhidov, Shamsiddin"]
[Black "Tatarinov, Dmitry"]
[WhiteFideId "14204223"]
[BlackFideId "24160067"]
[WhiteElo "2611"]
[BlackElo "2302"]
[Result "1/2-1/2"]
[Round "03"]
[TimeControl "180+1"]
[Date "2022.06.28"]
[WhiteClock "0:00:10"]
[BlackClock "0:00:50"]

1. e4 c6 2. d4 d5 3. exd5 cxd5 4. Bd3 Nc6 5. c3 Nf6 6. h3 e5 7. dxe5 Nxe5 8. Qe2 Qe7 9. Bb5+ Bd7 10. Be3 Bxb5 11. Qxb5+ Qd7 12. Qxd7+ Nexd7 13. Nd2 Bc5 14. Nf1 O-O 15. O-O-O Rfe8 16. Nf3 Rac8 17. Bxc5 Nxc5 18. Ne3 Nce4 19. Rhf1 Nxf2 20. Rxf2 Rxe3 21. Nd4 Rce8 22. Nb5 Re2 23. Rxe2 Rxe2 24. Rd2 Re1+ 25. Kc2 a6 26. Nd6 Re7 27. g4 h6 28. Nf5 Re6 29. Kd3 Kh7 30. Ne3 g6 31. Kd4 Re4+ 32. Kd3 Ra4 33. a3 Kg7 34. Ke2 Re4 35. Kf3 Re5 36. Kf4 Re4+ 37. Kf3 Re5 38. a4 h5 39. Rd4 hxg4+ 40. hxg4 Re4 41. Rxe4 dxe4+ 42. Kf4 Nd7 43. b4 Nb6 44. a5 Na4 45. Nd5 f5 46. gxf5 gxf5 47. Kxf5 e3 48. Nxe3 Nxc3 49. Ke6 Na4 50. Nc4 Nc3 51. Kd6 Kf6 52. Nb6 Na2 53. Nd5+ Kf5 54. Kc5 Ke5 55. Nb6 Nc3 56. Nc4+ Ke6 57. Kb6 Na2 58. Kxb7 Nxb4 59. Kb6 Kd5 60. Nd2 Nc6 61. Kxa6 Nxa5 1/2-1/2


[Site "https://www.chess.com"]

[Event "Titled Tuesday Blitz June 28 Early 2022"]
[White "Volkov, Maksim"]
[Black "Dushyant Sharma"]
[WhiteFideId "54123070"]
[BlackFideId "25065130"]
[WhiteElo "2155"]
[BlackElo "2105"]
[Result "0-1"]
[Round "03"]
[TimeControl "180+1"]
[Date "2022.06.28"]
[WhiteClock "0:00:03"]
[BlackClock "0:01:47"]

1. d4 d5 2. c4 e6 3. g3 Nf6 4. Bg2 Be7 5. Nf3 O-O 6. O-O dxc4 7. Na3 c5 8. Nxc4 Nc6 9. dxc5 Bxc5 10. a3 a5 11. b3 Qe7 12. Bb2 Rd8 13. Qc2 Bd7 14. Nfe5 Nxe5 15. Nxe5 Be8 16. Rfd1 Rac8 17. Qb1 Bb5 18. Nd3 Bb6 19. Rd2 Ng4 20. Qf1 Nxf2 21. Nxf2 Rxd2 22. Rc1 Rxc1 23. Qxc1 Rxe2 24. Qc8+ Qf8 25. Qxb7 Re1+ 26. Bf1 Rxf1+ 0-1


[Site "https://www.chess.com"]

[Event "Titled Tuesday Blitz June 28 Early 2022"]
[White "Vovk, Orest"]
[Black "Vianello, Enrico"]
[WhiteFideId "14113490"]
[BlackFideId "810738"]
[WhiteElo "2203"]
[BlackElo "2249"]
[Result "1-0"]
[Round "03"]
[TimeControl "180+1"]
[Date "2022.06.28"]
[WhiteClock "0:01:45"]
[BlackClock "0:01:50"]

1. h4 d6 2. h5 e5 3. d4 exd4 4. Nf3 c5 5. c3 dxc3 6. Nxc3 Nc6 7. h6 g6 8. e4 Be6 9. Ng5 Qf6 10. Nxe6 fxe6 11. Bb5 Rc8 12. Qa4 a6 13. Bxc6+ Rxc6 14. Rh3 g5 15. Be3 Nxh6 16. O-O-O Nf7 17. Rf3 Qg6 18. Nd5 b5 19. Qa5 exd5 20. exd5 Rc8 21. Qxa6 Be7 22. Qxc8+ Nd8 23. Bxc5 g4 24. Re3 Kf8 25. Rxe7 Kxe7 26. Re1+ Kf7 27. Qd7+ Kf6 28. Bd4+ 1-0


[Site "https://www.chess.com"]

[Event "Titled Tuesday Blitz June 28 Early 2022"]
[White "Winkels, Marcel"]
[Black "Nilsson, Joakim"]
[WhiteFideId "1003887"]
[BlackFideId "1723383"]
[WhiteElo "1900"]
[BlackElo "2210"]
[Result "0-1"]
[Round "03"]
[TimeControl "180+1"]
[Date "2022.06.28"]
[WhiteClock "0:00:02"]
[BlackClock "0:01:33"]

1. e4 c5 2. Nf3 e6 3. d4 cxd4 4. Nxd4 a6 5. Nc3 Qc7 6. a3 b5 7. Bd3 Bb7 8. O-O Nf6 9. Kh1 h5 10. f4 Ng4 11. Qf3 Bc5 12. Nb3 Bb6 13. Bd2 Nc6 14. Rae1 Ne7 15. Qg3 O-O-O 16. e5 g6 17. Ne4 Nf5 18. Qf3 Kb8 19. Qe2 Bc6 20. c4 bxc4 21. Bxc4 a5 22. Bd3 a4 23. Nbc5 Bxc5 24. Nxc5 Bxg2+ 25. Qxg2 Qxc5 26. Ba6 Qb6 27. Bc4 Rc8 28. Qe2 Qc6+ 29. Kg1 Qxc4 30. Bc3 Qxe2 31. Rxe2 Rc4 32. Rd2 Nge3 33. Re1 Nd5 34. Bb4 Rxf4 35. Bd6+ Nxd6 36. exd6 Rc8 37. Rb1 Rg4+ 38. Kf2 Rcc4 39. b3 Rcf4+ 0-1


[Site "https://www.chess.com"]

[Event "Titled Tuesday Blitz June 28 Early 2022"]
[White "Xiong, Jeffery"]
[Black "Cherniaiev, Tykhon"]
[WhiteFideId "2047640"]
[BlackFideId "14182360"]
[WhiteElo "3022"]
[BlackElo "2750"]
[Result "1/2-1/2"]
[Round "03"]
[TimeControl "180+1"]
[Date "2022.06.28"]
[WhiteClock "0:00:09"]
[BlackClock "0:00:13"]

1. d4 Nf6 2. Nf3 e6 3. Bf4 c5 4. e3 b6 5. Nc3 Bb7 6. Nb5 Nd5 7. Nd6+ Bxd6 8. Bxd6 cxd4 9. Qxd4 Qf6 10. c4 Qxd4 11. Nxd4 Ne7 12. Nb5 Na6 13. Bd3 Bc6 14. Rc1 f6 15. Ba3 Kf7 16. Nd6+ Kf8 17. b4 Nc7 18. O-O a6 19. Rfd1 b5 20. Bb2 bxc4 21. Bxc4 Nb5 22. Nxb5 axb5 23. Bb3 Nd5 24. Bd4 Kf7 25. Bc5 Rhc8 26. e4 Ne7 27. f3 d5 28. Bxe7 Kxe7 29. exd5 Bxd5 30. Rxc8 Rxc8 31. Bxd5 exd5 32. Rxd5 Rc2 33. Rxb5 Rxa2 34. Rb7+ Kf8 35. h4 h5 36. Kh2 Kg8 37. Kg3 Kh7 38. Rc7 Rb2 39. Rc4 g5 40. hxg5 fxg5 41. f4 Rb3+ 42. Kf2 gxf4 43. Rxf4 Kg6 44. Rc4 Kg5 45. Kg1 Rb2 46. Kh2 Rb3 47. Rc5+ Kg4 48. Rc4+ Kg5 49. g3 Rb2+ 50. Kh3 Rb3 51. Rc5+ Kg6 52. b5 Rb4 53. Rd5 Kh6 54. Kg2 h4 55. gxh4 Rxh4 56. Kf3 Kg6 57. Ke3 Kf6 58. Rd4 Rh3+ 59. Ke4 Rb3 60. Rd6+ Ke7 61. Rb6 Kd7 62. Kd5 Kc7 63. Rc6+ Kb7 64. Kc4 Rb1 65. Rh6 Rc1+ 66. Kb4 Rb1+ 67. Kc5 Rc1+ 68. Kb4 Rb1+ 69. Kc5 Rc1+ 70. Kb4 1/2-1/2


[Site "https://www.chess.com"]

[Event "Titled Tuesday Blitz June 28 Early 2022"]
[White "Yaksin, Oleg"]
[Black "Hamley, Ryan"]
[WhiteFideId "24105880"]
[BlackFideId "30959497"]
[WhiteElo "2256"]
[BlackElo "2476"]
[Result "0-1"]
[Round "03"]
[TimeControl "180+1"]
[Date "2022.06.28"]
[WhiteClock "0:00:39"]
[BlackClock "0:00:27"]

1. d4 Nf6 2. c4 e6 3. g3 d5 4. Nf3 Be7 5. Bg2 O-O 6. O-O dxc4 7. Qc2 a6 8. a4 Bd7 9. Rd1 Bc6 10. Nc3 Bb4 11. Bg5 Bxc3 12. Qxc3 Ne4 13. Bxd8 Nxc3 14. bxc3 Rxd8 15. Ne5 Bxg2 16. Kxg2 Nd7 17. Nxc4 Nf6 18. Rdb1 b6 19. Ne5 Nd5 20. c4 Nc3 21. Rb2 Rxd4 22. e3 Rd6 23. c5 bxc5 24. Rc2 Ne4 25. f3 Rd2+ 26. Rxd2 Nxd2 27. Rd1 Nb3 28. Rd7 f6 29. Nc4 Rc8 30. Rd3 Rb8 31. Rd7 Rb4 32. Na5 Nxa5 0-1


[Site "https://www.chess.com"]

[Event "Titled Tuesday Blitz June 28 Early 2022"]
[White "Yang, Kaiqi"]
[Black "Lashkin, Jegor"]
[WhiteFideId "8604398"]
[BlackFideId "13907808"]
[WhiteElo "2373"]
[BlackElo "2368"]
[Result "1/2-1/2"]
[Round "03"]
[TimeControl "180+1"]
[Date "2022.06.28"]
[WhiteClock "0:00:10"]
[BlackClock "0:00:06"]

1. d4 Nf6 2. c4 e6 3. Nc3 Bb4 4. e3 O-O 5. Nf3 d5 6. Bd2 b6 7. cxd5 exd5 8. Rc1 Bb7 9. Bd3 Be7 10. O-O c5 11. Ne5 Nc6 12. Be1 Bd6 13. Ng4 cxd4 14. exd4 Nb4 15. Be2 Nxg4 16. Bxg4 Ba6 17. Be2 Bxe2 18. Nxe2 Nxa2 19. Rc6 Nb4 20. Bxb4 Bxb4 21. Qb3 a5 22. Nf4 Qh4 23. g3 Qg4 24. Qxd5 Rad8 25. Qc4 Bd6 26. Nd5 b5 27. Qxb5 Qxd4 28. Ne3 Bb4 29. Qc4 Qxb2 30. Nd5 Qe5 31. Nxb4 Rd4 32. Qc5 Qxc5 33. Rxc5 axb4 34. Rb5 g6 35. Rb1 Re8 36. R1xb4 Rd1+ 37. Kg2 Rd6 38. Rb8 Rxb8 39. Rxb8+ Kg7 40. Rb2 h5 41. h4 Rf6 42. Rc2 Rf5 43. Rb2 Rf6 44. Rc2 Rf5 45. Rb2 Rd5 46. Rc2 Rd4 47. Rb2 Rd3 48. Rc2 Rb3 49. Rd2 Rb7 50. Rd4 f6 51. Rd2 Re7 52. Rc2 Kf7 53. Rd2 g5 54. hxg5 fxg5 55. Rd6 Kg7 56. Rc6 Rf7 57. Rd6 Kh7 58. Rc6 Kg7 59. Rd6 Rf5 60. Rc6 Rd5 61. Re6 Rc5 62. Rd6 Rf5 63. Re6 Rf6 64. Re7+ Kg6 65. Re8 Rd6 66. Rg8+ Kf6 67. Rh8 Kg6 68. Rg8+ Kf5 69. Rh8 Kg6 70. Rg8+ 1/2-1/2


[Site "https://www.chess.com"]

[Event "Titled Tuesday Blitz June 28 Early 2022"]
[White "Yuan, Qingyu"]
[Black "Joie, Sebastien"]
[WhiteFideId "8609772"]
[BlackFideId "650420"]
[WhiteElo "2359"]
[BlackElo "2397"]
[Result "1-0"]
[Round "03"]
[TimeControl "180+1"]
[Date "2022.06.28"]
[WhiteClock "0:00:31"]
[BlackClock "0:00:56"]

1. e4 c6 2. Nf3 d5 3. Nc3 g6 4. d4 Bg7 5. h3 dxe4 6. Nxe4 Nf6 7. Nxf6+ exf6 8. Bc4 O-O 9. O-O Nd7 10. Bf4 b5 11. Bb3 Nb6 12. a4 bxa4 13. Bxa4 Nxa4 14. Rxa4 f5 15. Re1 Qb6 16. Bd6 Rd8 17. Rb4 Qa6 18. Bc5 Be6 19. c3 Rab8 20. Qa1 Qxa1 21. Rxa1 Rxb4 22. Bxb4 Bd5 23. Rxa7 Re8 24. Be7 Bf8 25. Bxf8 Kxf8 26. Ne5 Kg7 27. c4 Be6 28. Rb7 c5 29. dxc5 Rc8 30. b4 Kf6 31. Nd7+ Kg5 32. Ne5 Kf4 33. Nxf7 Bxc4 34. Nd6 Bd5 35. g3+ Kf3 36. Re7 1-0


[Site "https://www.chess.com"]

[Event "Titled Tuesday Blitz June 28 Early 2022"]
[White "Zaksaite, Salomeja"]
[Black "Ocelak, Jakub"]
[WhiteFideId "12801496"]
[BlackFideId "23707933"]
[WhiteElo "1953"]
[BlackElo "2048"]
[Result "0-1"]
[Round "03"]
[TimeControl "180+1"]
[Date "2022.06.28"]
[WhiteClock "0:00:01"]
[BlackClock "0:00:15"]

1. e4 c5 2. Nf3 d6 3. d4 cxd4 4. Nxd4 Nf6 5. Nc3 Nbd7 6. g4 h6 7. Rg1 a6 8. Be3 Qc7 9. Qd2 b5 10. a3 Bb7 11. Bd3 Rc8 12. h4 Ne5 13. g5 hxg5 14. hxg5 Nfg4 15. Bf4 Qc5 16. Nb3 Nf3+ 17. Kd1 Nxd2 18. Nxc5 Rxc5 19. Rxg4 Rh1+ 20. Kxd2 Rxa1 21. Nd1 g6 22. Be3 Rc7 23. Bd4 e5 24. Bc3 Be7 25. Rg1 Kd7 26. Ba5 Rc8 27. f3 Rh8 28. Be2 Rh5 29. f4 Rh2 30. fxe5 dxe5 31. Ke3 Bxe4 32. Kxe4 Rxe2+ 33. Kd3 Rh2 34. Bc3 Ke6 35. Re1 Rh3+ 36. Ke4 Bxg5 0-1


[Site "https://www.chess.com"]

[Event "Titled Tuesday Blitz June 28 Early 2022"]
[White "Zhigalko, Sergei"]
[Black "Richter, Nils"]
[WhiteFideId "13502956"]
[BlackFideId "12990809"]
[WhiteElo "2662"]
[BlackElo "2311"]
[Result "1-0"]
[Round "03"]
[TimeControl "180+1"]
[Date "2022.06.28"]
[WhiteClock "0:00:05"]
[BlackClock "0:00:01"]

1. e4 e6 2. d4 d5 3. e5 c5 4. c3 Nc6 5. Nf3 Qb6 6. a3 Bd7 7. b4 cxd4 8. cxd4 a5 9. b5 Nce7 10. a4 h5 11. Bd3 Nf5 12. Be3 Nxe3 13. fxe3 Nh6 14. O-O Nf5 15. Bxf5 exf5 16. Nc3 Be6 17. h4 Be7 18. Ne2 O-O 19. Nf4 g6 20. Qb3 Rac8 21. Nxd5 Bxd5 22. Qxd5 Rc3 23. Rac1 Rfc8 24. Rxc3 Rxc3 25. Qd7 Qd8 26. Qxb7 Ba3 27. Ng5 Be7 28. e6 fxe6 29. Nxe6 Qd6 30. Nf4 Rc2 31. Qd5+ Kg7 32. Qxd6 Bxd6 33. Rb1 Ra2 34. b6 Rxa4 35. Ne6+ Kf6 36. Nc5 Rb4 37. Rxb4 axb4 38. b7 Ke7 39. Kf2 Kd8 40. Ke2 Kc7 41. Kd3 Bxc5 42. dxc5 Kxb7 43. Kc4 Kc6 44. Kxb4 Kd5 45. Kb5 Ke4 46. c6 Kxe3 47. c7 Kf2 48. c8=Q 1-0


[Site "https://www.chess.com"]

[Event "Titled Tuesday Blitz June 28 Early 2022"]
[White "Adewumi, Tanitoluwa"]
[Black "Van Foreest, Jorden"]
[WhiteFideId "30966396"]
[BlackFideId "1039784"]
[WhiteElo "2684"]
[BlackElo "2609"]
[Result "0-1"]
[Round "04"]
[TimeControl "180+1"]
[Date "2022.06.28"]
[WhiteClock "0:00:03"]
[BlackClock "0:00:55"]

1. e4 c6 2. d4 d5 3. e5 Bf5 4. Nf3 e6 5. Be2 Bb4+ 6. c3 Ba5 7. a4 h6 8. O-O Ne7 9. Nbd2 O-O 10. b4 Bc7 11. a5 Nd7 12. h3 f6 13. exf6 Rxf6 14. Nb3 Ng6 15. Re1 e5 16. dxe5 Ndxe5 17. Nbd4 Qd6 18. Nxe5 Nxe5 19. Bf4 Bxh3 20. Bg3 Bd7 21. Bh5 Qf8 22. Bxe5 Bxe5 23. Rxe5 Rxf2 24. Qe1 Rf4 25. Re7 Rd8 26. Qe5 Re4 27. Rf1 Rxe5 28. Rxf8+ Kxf8 29. Rxe5 g5 30. Ne6+ Bxe6 31. Rxe6 d4 32. cxd4 Rxd4 33. Re8+ Kg7 34. Re7+ Kf6 35. Rxb7 g4 36. Rxa7 Rxb4 37. Ra6 Kg5 38. Bf7 g3 39. Rb6 Ra4 40. Rb1 Rxa5 41. Rc1 c5 42. Bd5 Kf4 43. Bf3 Ke3 44. Re1+ Kd2 45. Re2+ Kd3 46. Re1 c4 47. Be2+ Kd2 48. Kf1 Rf5+ 49. Bf3 c3 50. Rd1+ Kc2 51. Ke1 Re5+ 52. Be2 Kb2 53. Rd4 c2 54. Rb4+ Kc3 55. Rc4+ Kb3 56. Kd2 Rxe2+ 57. Kxe2 Kxc4 0-1


[Site "https://www.chess.com"]

[Event "Titled Tuesday Blitz June 28 Early 2022"]
[White "Adla, Diego"]
[Black "Gormally, Daniel W"]
[WhiteFideId "100072"]
[BlackFideId "406465"]
[WhiteElo "2377"]
[BlackElo "2543"]
[Result "0-1"]
[Round "04"]
[TimeControl "180+1"]
[Date "2022.06.28"]
[WhiteClock "0:01:53"]
[BlackClock "0:01:38"]

1. c4 e5 2. Nc3 Bb4 3. Nf3 Bxc3 4. dxc3 Nc6 5. g3 d6 6. Bg2 Be6 7. b3 h6 8. O-O Qd7 9. e4 Bh3 10. Ne1 Nge7 11. Nd3 Bxg2 12. Kxg2 O-O-O 13. a4 f5 14. Qe2 g5 15. exf5 Qxf5 16. Re1 Ng6 17. Qe4 Qxe4+ 18. Rxe4 d5 19. cxd5 Rxd5 20. Nb4 Nxb4 21. Rxb4 Rd1 22. Bb2 Rhd8 23. Rxd1 Rxd1 24. Re4 Kd7 25. h4 gxh4 26. gxh4 Ke6 27. c4 Kf5 28. Re2 Nf4+ 0-1


[Site "https://www.chess.com"]

[Event "Titled Tuesday Blitz June 28 Early 2022"]
[White "Aldokhin, Ivan"]
[Black "Atabayev, Saparmyrat"]
[WhiteFideId "24115720"]
[BlackFideId "14000571"]
[WhiteElo "2231"]
[BlackElo "2483"]
[Result "0-1"]
[Round "04"]
[TimeControl "180+1"]
[Date "2022.06.28"]
[WhiteClock "0:00:08"]
[BlackClock "0:02:00"]

1. e4 c5 2. Nf3 d6 3. d4 cxd4 4. Nxd4 e5 5. Nc3 exd4 6. Qxd4 Nc6 7. Qd3 Nf6 8. Bf4 Be7 9. O-O-O O-O 10. f3 Qa5 11. g4 Be6 12. a3 Rfd8 13. h4 Rac8 14. g5 Nh5 15. Bd2 Ne5 16. Qe3 Qb6 17. Qxb6 axb6 18. f4 Nc4 19. f5 Nxd2 20. Rxd2 Ng3 21. Rg1 Nxf1 22. Rxf1 Bc4 23. Rf3 Rc5 24. f6 Bf8 25. b3 Be6 26. Nd5 Bxd5 27. exd5 gxf6 28. Rxf6 Rdc8 29. Kd1 Rc3 30. Rdf2 R8c7 31. a4 Rh3 32. R6f4 Bg7 33. Re4 Be5 0-1


[Site "https://www.chess.com"]

[Event "Titled Tuesday Blitz June 28 Early 2022"]
[White "Alinasab, Mobina"]
[Black "Estrada Nieto, Julian"]
[WhiteFideId "12528897"]
[BlackFideId "5101018"]
[WhiteElo "2031"]
[BlackElo "2252"]
[Result "1-0"]
[Round "04"]
[TimeControl "180+1"]
[Date "2022.06.28"]
[WhiteClock "0:00:19"]
[BlackClock "0:00:11"]

1. Nf3 d5 2. g3 Nf6 3. Bg2 c6 4. O-O Bg4 5. d4 Nbd7 6. b3 e6 7. Bb2 Bd6 8. c4 O-O 9. Nc3 Qe7 10. Nd2 Ba3 11. Qc2 Bf5 12. e4 dxe4 13. Ndxe4 Bxb2 14. Qxb2 Nxe4 15. Nxe4 Nf6 16. Nc3 Rfd8 17. Rad1 Rd7 18. Rfe1 Qd8 19. Na4 Rd6 20. Nc5 Qc7 21. b4 Rad8 22. Nb3 h5 23. h4 Ng4 24. Bf3 b6 25. c5 bxc5 26. dxc5 Rd3 27. Rxd3 Rxd3 28. Qe2 Qd7 29. Rd1 Ne5 30. Rxd3 Nxd3 31. a3 g6 32. Na5 Qd4 33. Nxc6 Qa1+ 34. Qd1 Qb2 35. Ne7+ Kf8 36. Nxf5 Qxf2+ 37. Kh1 gxf5 38. Qxd3 Qxg3 39. Qd6+ Qxd6 40. cxd6 Ke8 41. Bc6+ Kd8 42. Kg2 e5 43. Kf3 f6 44. Ke3 f4+ 45. Ke4 f5+ 46. Kxe5 f3 47. Bxf3 Kd7 48. Bxh5 a6 49. Be2 f4 50. Bxa6 f3 51. Bb5+ Kd8 52. Ke6 f2 53. Bf1 1-0


[Site "https://www.chess.com"]